 Dungeon Crawl Stone Soup version 0.23.1 (webtiles) character file.

Game seed: 3148184056099887278

382 reztzret the Cleaver (level 6, -6/76 HPs)
             Began as a Hill Orc Berserker on Mar 15, 2019.
             Was a Priest of Trog.
             Mangled by Pikel
             ... wielding a +2 whip of electrocution
              (13 damage)
             ... on level 5 of the Dungeon.
             The game lasted 00:06:15 (2709 turns).

reztzret the Cleaver (Hill Orc Berserker)           Turns: 2709, Time: 00:06:18

Health: -6/76      AC:  9    Str: 27    XL:     6   Next: 76%
Magic:  15/15      EV: 10    Int:  7    God:    Trog [***...]
Gold:   5          SH:  5    Dex: 10    Spells: 5/5 levels left

rFire    . . .     SeeInvis .   a - +0 hand axe
rCold    . . .     Gourm    .   v - +2 buckler
rNeg     . . .     Faith    +   e - +0 scale mail
rPois    .         Spirit   .   (no helmet)
rElec    .         Reflect  .   (no cloak)
rCorr    +         Harm     .   p - +0 pair of gloves
MR       ++...                  t - +1 pair of boots
Stlth    ..........             i - amulet of faith
HPRegen  1.22/turn              n - ring of magical power
MPRegen  0.14/turn              s - ring of resist corrosion

@: berserking, regenerating, very quick
A: no striking features
a: Berserk, Trog's Hand, Renounce Religion


You were on level 5 of the Dungeon.
You worshipped Trog.
Trog was most pleased with you.
You were very hungry.

You visited 1 branch of the dungeon, and saw 5 of its levels.

You collected 185 gold pieces.
You spent 180 gold pieces at shops.

Inventory:

Hand Weapons
 a - a +0 hand axe (weapon)
Armour
 b - a +0 animal skin
 e - a +0 scale mail (worn)
 m - a +0 pair of boots
 p - a +0 pair of gloves (worn)
 t - a +1 pair of boots (worn)
 v - a +2 buckler (worn)
Jewellery
 i - an amulet of faith (around neck)
 n - a ring of magical power (left hand)
 s - a ring of resist corrosion (right hand)
 B - a +2 ring of dexterity {unknown}
Scrolls
 d - 5 scrolls of remove curse {unknown}
 f - 4 scrolls of teleportation {unknown}
 h - 3 scrolls of blinking {unknown}
 j - 2 scrolls of enchant weapon {unknown}
 k - 2 scrolls of identify {unknown}
 l - 2 scrolls of fear {unknown}
 r - a scroll of fog {unknown}
 u - a scroll of amnesia {unknown}
 y - a scroll of magic mapping {unknown}
Potions
 g - 2 potions of haste {unknown}
 o - a potion of berserk rage {unknown}
 q - 2 potions of ambrosia {unknown}
 w - a potion of degeneration {unknown}
 x - a potion of invisibility {unknown}
 z - a potion of mutation {unknown}
 A - 4 potions of curing
 C - a potion of heal wounds
 D - a potion of might
Comestibles
 c - 11 rations


   Skills:
 - Level 3.6 Fighting
 + Level 9.5 Axes
 - Level 2.1 Armour
 - Level 1.5 Dodging
 + Level 0.3 Stealth
 + Level 0.6 Shields


You had 5 spell levels left.
You didn't know any spells.
Your spell library was empty.

Dungeon Overview and Level Annotations

Branches:
Dungeon (5/15)
 Temple: D:4-7

Altars:
Dithmenos

Shops:
D:4 !:}

Annotations:
D:5 Pikel


Message History

You closely miss the slave. You barely miss the slave.
The slave hits you but does no damage.
You barely miss Pikel.
Pikel is severely wounded.
You slash the slave! You hit the slave. The slave hits you.
* * * LOW HITPOINT WARNING * * *
Pikel hits you with a +2 whip of electrocution.
* * * LOW HITPOINT WARNING * * *
You barely miss Pikel.
Pikel is severely wounded.
You hit the slave. x2
You kill the slave!
That felt strangely unrewarding.
The slave hits you but does no damage.
You barely miss Pikel.
Pikel is severely wounded.
You completely miss the slave.
Pikel hits you with a +2 whip of electrocution!
* * * LOW HITPOINT WARNING * * *
You are electrocuted!
You die...

..............#
.............##
......#####.##
####### #.#
#.## #..###
#....###
##......###
#......@Kp#
#.###.)[p...#
#. ####p......
#. ##..... ..
###.. .


You could see Pikel and 3 slaves.

Vanquished Creatures
  A slave (D:5)
  A howler monkey (D:4)
  A bullfrog zombie (D:4)
  A centaur zombie (D:4)
  A hound (D:4)
  2 orc wizards
  A worker ant (D:4)
  2 hound skeletons (D:4)
  A worker ant zombie (D:4)
  2 adders
  2 oozes
  4 worms
  A leopard gecko (D:3)
  6 orcs
  5 ball pythons
  5 bats
  5 giant cockroaches
  8 goblins
  6 hobgoblins
  7 jackals
  2 kobolds (D:1)
  6 quokkas
  7 frilled lizards
  A leopard gecko skeleton (D:4)
  A leopard gecko zombie (D:4)
  A quokka skeleton (D:4)
  2 quokka zombies (D:4)
  7 rats
89 creatures vanquished.

Notes
Turn   | Place    | Note
-------+----------+-------------------------------------------
     0 | D:1      | reztzret the Hill Orc Berserker began the quest for the
                  | Orb.
     0 | D:1      | Reached XP level 1. HP: 19/19 MP: 1/1
   114 | D:1      | Reached XP level 2. HP: 24/26 MP: 2/2
   176 | D:1      | Reached skill level 5 in Axes
   479 | D:2      | Reached XP level 3. HP: 29/31 MP: 3/3
   695 | D:2      | Reached ** piety under Trog
   712 | D:2      | Reached skill level 6 in Axes
  1300 | D:3      | Reached XP level 4. HP: 39/39 MP: 4/4
  1540 | D:3      | Reached skill level 7 in Axes
  1540 | D:3      | Reached XP level 5. HP: 44/45 MP: 5/5
  1593 | D:3      | Found a shadowy altar of Dithmenos.
  2059 | D:4      | Reached *** piety under Trog
  2082 | D:4      | Found Xett's Gadget Emporium.
  2105 | D:4      | Reached skill level 8 in Axes
  2146 | D:4      | Found Heh Kavo's Book Boutique.
  2189 | D:4      | Reached XP level 6. HP: 51/51 MP: 6/6
  2229 | D:4      | Reached skill level 9 in Axes
  2562 | D:4      | Found Dalyer's Distillery.
  2565 | D:4      | Bought a potion of curing for 30 gold pieces
  2565 | D:4      | Bought a potion of curing for 30 gold pieces
  2565 | D:4      | Bought a potion of heal wounds for 50 gold pieces
  2565 | D:4      | Bought a potion of curing for 30 gold pieces
  2565 | D:4      | Bought a potion of might for 40 gold pieces
  2656 | D:5      | Entered Level 5 of the Dungeon
  2687 | D:5      | Noticed a slave
  2690 | D:5      | Noticed Pikel
  2692 | D:5      | Noticed a slave
  2694 | D:5      | Noticed a slave
  2695 | D:5      | Noticed a slave
  2708 | D:5      | Killed a slave
  2709 | D:5      | Mangled by Pikel

Skill      XL: |  1  2  3  4  5  6 |
---------------+-------------------+-----
Axes           | 5 6 7 8 9 |  9.5
Fighting       | |  3.6
Armour         | |  2.1
Dodging        | |  1.5
Stealth        | |  0.3
Shields        | |  0.6

Action                   |  1- 3 |  4- 6 || total
-------------------------+-------+-------++-------
Melee: Hand axe          |   122 |   230 ||   352
Invok: Trog's Hand       |       |     4 ||     4
       Berserk           |       |     2 ||     2
  Eat: Chunk             |     1 |     7 ||     8
Armor: Scale mail        |    59 |    92 ||   151
Dodge: Dodged            |    59 |    94 ||   153
Block: Buckler           |       |    25 ||    25
